 Dungeon Sprint DCSS version 0.31.0-9-g3a7656b989 (webtiles) character file.

Game seed: 14342579655186399985

1711 Heoruswealwe the Impaler (level 8, -13/83 HPs)
             Began as a Minotaur Fighter on Feb 2, 2024.
             Was an Initiate of Gozag.
             Mangled by a boulder beetle (42 damage)
             ... in the Dungeon (Sprint IX: "|||||||||||||||||||||||||||||").
             The game lasted 00:03:18 (415 turns).

Heoruswealwe the Impaler (Minotaur Fighter)          Turns: 415, Time: 00:03:18

Health: -13/83     AC: 16    Str: 24    XL:     8   Next: 74%
Magic:  7/7        EV: 11    Int:  5    God:    Gozag
Gold:   666        SH:  0    Dex:  9    Spells: 7/7 levels left

rFire   . . .        b - +2 halberd (protect)
rCold   . . .        (shield currently unavailable)
rNeg    . . .        c - +1 chain mail
rPois   .            (helmet restricted)
rElec   .            h - +0 cloak
rCorr   .            f - +0 pair of gloves
SInv    .            (no boots)
Will    .....        (no amulet) Stlth
                     k - +2 ring of evasion
HPRegen 0.33/turn    (no ring)
MPRegen 0.10/turn

%: no teleportation
@: gold aura
A: horns 2, retaliatory headbutt
a: Renounce Religion, Potion Petition, Call Merchant, Bribe Branch


You were in the Dungeon.
You worshipped Gozag.
Gozag was pleased with you.
You visited 1 branch You collected 666 gold pieces.

Inventory:

Hand Weapons
 a - a +0 trident
 b - a +2 halberd of protection (weapon)
Armour
 c - a +1 chain mail (worn)
 d - a +0 buckler
 f - a +0 pair of gloves (worn)
 h - a +0 cloak (worn)
Jewellery
 k - a +2 ring of evasion (left hand)
Wands
 l - a wand of quicksilver (10)
Scrolls
 j - 2 scrolls of blinking
Potions
 e - 5 potions of curing
 g - a potion of haste
 i - a potion of berserk rage
 m - a potion of heal wounds
 n - a potion of might


   Skills:
 + Level 12.3 Fighting
 * Level 16.4 Polearms
 + Level 12.3 Armour
 - Level 3.6 Shields


You had 7 spell levels left.
You didn't know any spells.
Your spell library was empty.

Dungeon Overview and Level Annotations

Branches:
Dungeon (1/1)

Altars:
Cheibriados
Dithmenos
Elyvilon
Fedhas
Gozag
Hepliaklqana
Kikubaaqudgha
Makhleb
Nemelex Xobeh
Okawaru
Qazlal
Ru
Sif Muna
Trog
Uskayaw
Vehumet
Wu Jian
Xom
Yredelemnul
Zin
The Shining One
Jiyva
Lugonu


Innate Abilities, Weirdness & Mutations

You have a pair of horns on your head.
You reflexively headbutt those who attack you in melee.


Message History

You barely miss the tengu warrior.
The tengu warrior is severely wounded.
The boulder beetle closely misses you.
The tengu warrior hits you with a +0 battleaxe!
The tengu warrior pecks you but does no damage.
The tengu warrior claws you.
* * * LOW HITPOINT WARNING * * *
You slash the tengu warrior!
The tengu warrior is severely wounded.
The boulder beetle leaps!
You slash the tengu warrior!
You kill the tengu warrior!
The centaur warrior wields a +0 shortbow.
The centaur warrior shoots an arrow.
Reactivating autopickup.
You feel a bit more experienced.
Your Fighting skill increases to level 12!
Your Polearms skill gained 2 levels and is now at level 16!
Your Armour skill increases to level 12!
The centaur warrior shoots an arrow.
The arrow hits you!
* * * LOW HITPOINT WARNING * * *
The boulder beetle curls into a ball and begins rolling!
The centaur warrior shoots an arrow.
The arrow hits you but does no damage.
You feel much better.
The vampire mosquito is distracted by your dazzling golden aura.
Reach: b) +2 halberd (protect)
Press: ? - help, Dir - move target, f - centaur warrior
Aim: a centaur warrior, wielding a +0 shortbow (about 27% to evade your +2 halberd of protection)
You reach to attack!
You barely miss the centaur warrior.
The vampire mosquito is no longer distracted by gold.
The centaur warrior shoots an arrow.
The arrow barely misses you.
The arrow hits the boulder beetle!
Reach: b) +2 halberd (protect)
Press: ? - help, Dir - move target, f/p - centaur warrior
Aim: a centaur warrior, wielding a +0 shortbow (about 27% to evade your +2 halberd of protection)
You reach to attack!
You barely miss the centaur warrior.
You close the door.
The boulder beetle hits you!!!
Ouch! That really hurt!
You die...
Your body crumbles into a pile of gold.

▓.▓
▓.▓
▓.▓
▓y▓
▓c▓
▓D▓
▓+▓
▓@▓
▓B▓
▓°▓
▓°▓
▓°▓
▓.▓
▓)▓
▓.▓
▓.▓


You could see a boulder beetle (rolling).

Vanquished Creatures
  A tengu warrior (D)
  A komodo dragon (D)
  A wraith (D)
  A wyvern (D)
  A black bear (D)
  2 centaurs (D)
  An ogre (D)
  A kobold brigand (D)
  A howler monkey (D)
  An iguana (D)
  An orc (D)
  A ball python (D)
  A bat (D)
  A frilled lizard (D)
  2 rats (D)
17 creatures vanquished.

Vanquished Creatures (others)
  A shadow (D)
1 creature vanquished.

Grand Total: 18 creatures vanquished

Notes
Turn   | Place    | Note
-------+----------+-------------------------------------------
     0 | D        | Heoruswealwe the Minotaur Fighter began the quest for the
                  | Orb.
     0 | D        | Reached XP level 1. HP: 19/19 MP: 0/0
     7 | D        | Reached skill level 3 in Polearms
    18 | D        | Noticed an ogre
    18 | D        | Noticed an iguana
    18 | D        | Noticed a black bear
    18 | D        | Noticed a howler monkey
    24 | D        | Killed a howler monkey
    25 | D        | Reached skill level 5 in Fighting
    25 | D        | Reached skill level 6 in Polearms
    25 | D        | Reached skill level 5 in Armour
    25 | D        | Reached XP level 2. HP: 20/29 MP: 1/1
    25 | D        | Reached XP level 3. HP: 25/36 MP: 2/2
    29 | D        | Killed a black bear
    30 | D        | Reached skill level 8 in Polearms
    30 | D        | Reached XP level 4. HP: 22/45 MP: 3/3
    32 | D        | Reached skill level 9 in Polearms
    32 | D        | Reached XP level 5. HP: 26/52 MP: 4/4
    42 | D        | Killed an ogre
    43 | D        | Reached skill level 10 in Polearms
    49 | D        | Found a snail-covered altar of Cheibriados.
    49 | D        | Found a shadowy altar of Dithmenos.
    49 | D        | Found a white marble altar of Elyvilon.
    49 | D        | Found a blossoming altar of Fedhas.
    49 | D        | Found an opulent altar of Gozag.
    50 | D        | Found a hazy altar of Hepliaklqana.
    51 | D        | Found a viscous altar of Jiyva.
    52 | D        | Found an ancient bone altar of Kikubaaqudgha.
    53 | D        | Found a corrupted altar of Lugonu.
    54 | D        | Found a burning altar of Makhleb.
    55 | D        | Found a sparkling altar of Nemelex Xobeh.
    56 | D        | Found an iron altar of Okawaru.
    57 | D        | Became a worshipper of Gozag Ym Sagoz the Greedy
    58 | D        | Found a stormy altar of Qazlal.
    59 | D        | Found a sacrificial altar of Ru.
    60 | D        | Found a shimmering blue altar of Sif Muna.
    61 | D        | Found a bloodstained altar of Trog.
    62 | D        | Found a hide-covered altar of Uskayaw.
    63 | D        | Found a radiant altar of Vehumet.
    64 | D        | Found an ornate altar of the Wu Jian Council.
    65 | D        | Found a shimmering altar of Xom.
    66 | D        | Found a basalt altar of Yredelemnul.
    67 | D        | Found a glowing silver altar of Zin.
    68 | D        | Found a glowing golden altar of the Shining One.
   196 | D        | Noticed a centaur
   196 | D        | Noticed a komodo dragon
   196 | D        | Noticed a centaur
   196 | D        | Noticed a wyvern
   196 | D        | Noticed a wraith
   203 | D        | Killed a wraith
   204 | D        | Reached skill level 12 in Polearms
   204 | D        | Reached XP level 6. HP: 58/63 MP: 5/5
   215 | D        | Killed a komodo dragon
   216 | D        | Reached skill level 10 in Fighting
   216 | D        | Reached skill level 13 in Polearms
   216 | D        | Reached skill level 10 in Armour
   216 | D        | Reached XP level 7. HP: 36/72 MP: 6/6
   220 | D        | Killed a wyvern
   221 | D        | Reached skill level 14 in Polearms
   234 | D        | Reached XP level 8. HP: 28/82 MP: 7/7
   396 | D        | Noticed a six-headed hydra
   396 | D        | Noticed a centaur warrior
   396 | D        | Noticed a boulder beetle
   396 | D        | Noticed a tengu warrior
   410 | D        | Killed a tengu warrior
   411 | D        | Reached skill level 16 in Polearms
   415 | D        | Mangled by a boulder beetle

Illustrated notes

Levels and vault maps discovered:
D:        linesprint [early_d, line_temple, items_1, d_10, items_2, lair_1,
          lair_end, items_3, orc_1, orc_end, items_4, d_15, swamp_1, shoals_1,
          snake_1, spider_1, d_20, vaults_1, items_5, swamp_end, shoals_end,
          snake_end, spider_end, vaults_end, d_27, items_6, zot_1, zot_end,
          crypt_end, forest_end, elf_end, slime_end, tomb_end, abyss_end,
          pan_hell_end]

Skill      XL: |  1  2  3  4  5  6  7  8 |
---------------+-------------------------+-----
Polearms       | 6 8 9 12 13 14 16 | 16.4
Fighting       | 5 6 7 9 10 11 12 | 12.3
Armour         | 5 6 7 9 10 11 12 | 12.3
Shields        | |  3.6

Action                     |  1- 3 |  4- 6 |  7- 9 || total
---------------------------+-------+-------+-------++-------
  Melee: Trident           |    19 |    10 |       ||    29
         Headbutt          |     3 |     6 |     1 ||    10
         Halberd           |       |    19 |    31 ||    50
    Use: Potion            |       |     1 |     1 ||     2
 Armour: Scale mail        |    17 |     2 |       ||    19
         Chain mail        |       |    16 |    41 ||    57
  Dodge: Dodged            |     3 |    14 |    14 ||    31
  Block: Buckler           |     5 |       |       ||     5
